 Dungeon Crawl Stone Soup version 0.31-a0-1363-g282adc679d (webtiles) character file.

Game seed: 353351885926581114

114499 Ge0ff the Zephyrmancer (level 16, -2/117 HPs)
             Began as a Vampire Cinder Acolyte on Dec 23, 2023.
             Was a High Priest of Vehumet.
             Shot with a bolt by Vashnia (27 damage)
             ... on level 2 of the Snake Pit.
             The game lasted 01:03:40 (43441 turns).

Ge0ff the Zephyrmancer (Vampire Cinder Acolyte)    Turns: 43441, Time: 01:03:41

Health: -2/117     AC: 11    Str: 11    XL:     16   Next: 16%
Magic:  25/39      EV: 10    Int: 22    God:    Vehumet [*****.]
Gold:   1836       SH: 15    Dex: 12    Spells: 5/36 levels left

rFire   . . .        a - staff of air
rCold   . . .        J - +1 kite shield {rPois}
rNeg    + . .        A - +0 steam dragon scales
rPois   +            t - +2 hat
rElec   +            r - +1 cloak
rCorr   +            P - +0 pair of gloves
SInv    +            E - +0 pair of boots
Will    ++...        R - amulet of reflection
Stlth   +++          Q - ring of magical power {=R}
HPRegen 0.59/turn    Y - ring "Fuqadoer" {Wiz rN+ Will+ rCorr Str-2}
MPRegen 0.26/turn

%: reflection, wizardry (x1)
@: lethally poisoned (-2 -> -3), healing quickly
A: alive, fangs 3, see invisible, vampiric 2
a: Exsanguinate, Renounce Religion


You were on level 2 of the Snake Pit.
You worshipped Vehumet.
Vehumet was extremely pleased with you.
You visited 5 branches of the dungeon, and saw 25 of its levels.
You also visited: Sewer.

You collected 3030 gold pieces.
You spent 1194 gold pieces at shops.

Inventory:

Hand Weapons
 b - a +7 dagger of flaming
Missiles
 g - 7 throwing nets {=F}
 v - 10 curare-tipped darts {=F}
 D - 7 javelins
 Z - 3 silver javelins
Armour
 h - a +0 troll leather armour
 p - the scarf of Disaster {+Inv, Harm Rampage Stlth+}
   (You found it on level 1 of the Lair of Beasts)

   Harm:      It increases damage dealt and taken.
   Rampage:   It bestows one free step when moving towards enemies.
   Stlth+:    It makes you more stealthy.
 r - a +1 cloak (worn)
 t - a +2 hat (worn)
 A - +0 steam dragon scales (worn)
 E - a +0 pair of boots (worn)
 G - a +0 buckler
 J - a +1 kite shield of poison resistance (worn)
 O - a +2 leather armour of cold resistance
 P - a +0 pair of gloves (worn)
Magical Staves
 a - a staff of air (weapon)
 c - a staff of fire
 n - a staff of conjuration
Jewellery
 l - a ring of flight
 w - a ring of ice
 Q - a ring of magical power (left hand) {=R}
 R - an amulet of reflection (around neck)
 S - a ring of fire
 U - a +5 ring of evasion
 Y - the ring "Fuqadoer" (right hand) {Wiz rN+ Will+ rCorr Str-2}
   (You found it in a sewer)

   [ring of wizardry]

   Wiz:       It improves your spell success rate.
   Str-2:     It affects your strength (-2).
   rN+:       It protects you from negative energy.
   Will+:     It increases your willpower.
   rCorr:     It protects you from acid and corrosion.
Wands
 d - a wand of digging (13)
 e - a wand of charming (6)
 f - a wand of flame (24)
 j - a wand of quicksilver (6)
 k - a wand of iceblast (17)
 s - a wand of mindburst (13)
Scrolls
 i - a scroll of identify
 m - 3 scrolls of revelation
 x - 8 scrolls of enchant armour
 y - 3 scrolls of immolation
 C - 4 scrolls of poison
 F - 3 scrolls of fog
 T - 6 scrolls of teleportation
 V - a scroll of vulnerability
Potions
 o - a potion of ambrosia
 q - 8 potions of curing
 u - 5 potions of mutation {!q}
 z - 3 potions of brilliance
 H - 2 potions of haste {!q}
 I - 3 potions of invisibility
 K - 3 potions of magic {!q}
 L - 6 potions of lignification
 M - 7 potions of might
 N - a potion of cancellation {!q}
 W - 5 potions of heal wounds {!q}
 X - 7 potions of enlightenment


   Skills:
 + Level 8.0 Fighting
 - Level 4.0 Short Blades
 - Level 1.0 Throwing
 - Level 1.0 Armour
 - Level 3.0 Dodging
 - Level 5.0 Stealth
 + Level 6.0 Shields
 + Level 10.9 Spellcasting
 - Level 9.8 Conjurations
 + Level 6.4 Necromancy
 - Level 1.1 Translocations
 * Level 9.5 Fire Magic
 - Level 14.8 Air Magic
 + Level 3.2 Earth Magic
 - Level 10.0 Alchemy


You had 5 spell levels left.
You knew the following spells:

 Your Spells              Type           Power      Damage    Failure   Level
a - Sublimation of Blood  Necr           40%        N/A       1%          2
h - Lee's Rapid Deconstr  Erth           13%        3d9*      13%         5
j - Scorch                Fire           100%       2d9       1%          2
m - Plasma Beam           Fire/Air       39%        2x1d52    2%          6
s - Conjure Ball Lightni  Conj/Air       39%        3x3d13    2%          6
C - Fireball              Conj/Fire      26%        3d12      1%          5
E - Irradiate             Conj/Alch      27%        3d20      1%          5

Your spell library contained the following spells:

 Spells                   Type           Power      Damage    Failure   Level
 Foxfire                  Conj/Fire      100%       2x1d9     1%          1
 Shock                    Conj/Air       100%       1d9       1%          1
 Cigotuvi's Dreadful Rot  Necr/Alch/Air  100%       N/A       1%          2
 Fugue of the Fallen      Necr           40%        N/A       1%          3
 Hailstorm                Conj/Ice       33%        3d8       1%          3
 Swiftness                Air            86%        N/A       1%          3
 Vampiric Draining        Necr           40%        2d8       1%          3
 Airstrike                Air            43%        2d(7-23)  1%          4
 Ignite Poison            Fire/Alch      53%        N/A       1%          4
 Freeze                   Ice            48%        1d6       2%          1
 Freezing Cloud           Conj/Ice/Air   32%        6-21      2%          5
 Alistair's Intoxication  Alch           36%        N/A       3%          5
 Petrify                  Alch/Erth      41%        N/A       4%          4
 Frozen Ramparts          Ice            24%        1d4       6%          3
 Slow                     Hex            48%        N/A       8%          1
 Ensorcelled Hibernation  Hex/Ice        24%        N/A       12%         2
 Anguish                  Hex/Necr       13%        N/A       21%         4
 Confusing Touch          Hex            12%        N/A       22%         3
 Sigil of Binding         Hex            12%        N/A       22%         3
 Borgnjor's Vile Clutch   Necr/Erth      16%        N/A       28%         5
 Summon Ice Beast         Ice/Summ       12%        N/A       56%         4
 Eringya's Noxious Bog    Alch           27%        4d6       5%          6
 Starburst                Conj/Fire      26%        6d8       6%          6
 Simulacrum               Ice/Necr       13%        N/A       95%         6
 Discord                  Hex            6%         N/A       100%        8
 Disjunction              Tloc           8%         N/A       100%        8


Dungeon Overview and Level Annotations

Branches:
Dungeon (15/15) Zot: 24522  Temple (1/1) D:6 Zot: 5978    Lair (5/5) D:10 Zot: 16028
  Swamp (0/4) Lair:3        Snake (2/4) Lair:3 Zot: 8736   Slime (0/5) Lair:4
    Orc (2/2) D:11 Zot: 7823     Elf (0/3) Orc:2        Vaults (0/5) D:14
 Depths (0/4) D:15          Sewer (visited)

Altars:
Ashenzari
Cheibriados
Dithmenos
Fedhas
Gozag
Hepliaklqana
Kikubaaqudgha
Makhleb
Nemelex Xobeh
Okawaru
Qazlal
Ru
Sif Muna
Trog
Uskayaw
Vehumet
Wu Jian
Xom
Yredelemnul
Jiyva

Shops:
D:9 !   D:10 [   Orc:2 !!(

Annotations:
Snake:2 Vashnia


Innate Abilities, Weirdness & Mutations

Your natural rate of healing is accelerated.
You have razor-sharp teeth.
You have supernaturally acute eyesight. (SInv)
You are afflicted with vampirism and can become a bat while bloodless.


Message History

You feel a surge of power!
You create some ball lightning! 3 ball lightnings come into view.
The naga sharpshooter shoots a bolt.
The bolt hits your ball lightning!!
Your ball lightning explodes!
The blast of lightning engulfs you! You resist.
The blast of lightning engulfs your ball lightning.
Your ball lightning completely resists.
The blast of lightning engulfs your ball lightning.
Your ball lightning completely resists.
The naga sharpshooter casts a spell.
The naga sharpshooter magically shoots a bolt.
You block the bolt with an invisible shield... and reflect it back!
Your ball lightning explodes!
The blast of lightning engulfs the naga sharpshooter!
The naga sharpshooter is lightly wounded.
Your ball lightning explodes!
The blast of lightning engulfs the naga sharpshooter!
The naga sharpshooter is moderately wounded.
The naga sharpshooter shoots a bolt.
The bolt hits you!!
* * * LOW HITPOINT WARNING * * *
Casting: Conjure Ball Lightning (dangerous; 2% risk of failure)
Confirm with . or Enter, or press ? or * to list all spells.
Casting: Plasma Beam (dangerous; 2% risk of failure)
Press: ? - help, Dir - look around, f - activate
Okay, then.
You feel much better.
The naga sharpshooter spits poison at you.
The splash of poison hits you but does no damage.
You are poisoned.
You resist.
Casting: Plasma Beam (dangerous; 2% risk of failure)
Confirm with . or Enter, or press ? or * to list all spells.
Casting: Plasma Beam (dangerous; 2% risk of failure)
Press: ? - help, Dir - look around, f - activate You feel a surge of power!
The bolt of lightning hits Vashnia.
Vashnia is moderately wounded.
The fiery plasma hits Vashnia!
Vashnia resists.
Vashnia is moderately wounded.
You feel sick.
The naga sharpshooter shoots a bolt.
You block the bolt with an invisible shield... and reflect it back!
The bolt hits the naga sharpshooter!!
You feel sick.
The naga sharpshooter shoots a bolt.
The bolt hits you!!
* * * LOW HITPOINT WARNING * * *
As you read the scroll of fog, it dissolves into smoke.
You feel sick.
The naga sharpshooter shoots a bolt.
You block the bolt with an invisible shield... and reflect it back!
The bolt hits the naga sharpshooter!!
Vashnia shoots a bolt.
The bolt hits you!!
You die...
Vashnia says, "All clear.
Let's check for more."

§###...................
§§.##....N..............
.*§.##..................
.....#..........N.......
##...###.._..............
)....#
#..................
....##
#.......§.......... ...##
########§§§......... ####
##### #§@§......... ...
##...## ##§§........# ...
##.....## #.........# ...
#.......# #.........# ...
#...#...# ##.......## .##
#...#...#####.......## ##
#####...#.###........## #
#...#..###........#
#.⌠.#...###.......#


You could see Vashnia and a naga sharpshooter.

Vanquished Creatures
  Roxanne (D:15)
  2 orc warlords (Orc:1)
  The ghost of Ydoylom the Cleaver, a journeyman GnRe of Gozag (Lair:3)
  An ettin (D:14)
  2 fire dragons
  Harold (Lair:2)
  2 ice dragons
  A vault guard (D:14)
  A rakshasa (D:15)
  7 anacondas
  8 centaur warriors
  5 hydras
  The ghost of Gargoyl the Cleaver, a journeyman GrBe of Trog (D:13)
  3 death yaks (Lair:2)
  4 two-headed ogres
  6 boulder beetles
  4 orc high priests (Orc:2)
  Urug (Lair:2)
  2 shock serpents (Snake:1)
  Sonja (D:13)
  6 naga sharpshooters (Snake:2)
  2 skysharks
  A salamander mystic (Snake:2)
  3 naga ritualists
  A swamp dragon (Lair:5)
  A harpy (shapeshifter) (D:15)
  A lindwurm (Lair:5)
  2 deep elf pyromancers (D:14)
  7 orc knights
  4 mana vipers
  4 cyclopes
  3 orc sorcerers (Orc:2)
  A salamander (Snake:2)
  2 ugly things
  A manticore (D:14)
  4 kobold blastminers
  5 elephants
  6 naga magi
  26 black mambas
  Joseph (Lair:1)
  11 cane toads
  5 gargoyles
  5 torpor snails (Lair:5)
  2 molten gargoyles (Lair:3)
  9 komodo dragons
  A freezing wraith (D:14)
  A yaktaur (D:15)
  An efreet (D:14)
  6 rime drakes
  6 trolls
  2 polar bears
  7 hornets
  6 tyrant leeches
  Grinder (D:5)
  A raiju (shapeshifter) (D:15)
  10 blink frogs
  6 slime creatures
  A wraith (D:9)
  73 yaks
  4 wyverns
  11 wargs
  18 fire elementals
  4 steam dragons
  9 vampire mosquitoes
  2 basilisks
  5 neqoxecs (D:13)
  4 swamp worms (Lair:3)
  14 nagas
  6 acid dragons
  16 water moccasins
  2 swamp drakes (Lair:5)
  An ice beast (D:7)
  42 orc warriors
  A sky beast (D:8)
  21 wolves
  3 black bears
  5 ogres
  12 centaurs
  A phantom (D:7)
  3 gnoll sergeants
  16 bullfrogs
  4 scorpions
  5 wights
  8 killer bees
  3 howler monkeys (D:12)
  5 lava snakes (Lair:3)
  2 hounds
  3 quasits (D:13)
  4 jellies
  39 orc priests
  2 sleepcaps
  Crazy Yiuf (D:2)
  A gnoll bouda (D:6)
  11 iguanas
  18 orc wizards
  A scorpion zombie (D:4)
  18 gnolls
  11 adders
  2 shadow imps
  3 bombardier beetles
  An adder zombie (D:4)
  6 worms
  3 dart slugs
  117 orcs
  12 ball pythons
  5 bats
  13 endoplasms
  11 giant cockroaches
  9 goblins
  14 hobgoblins
  6 jackals
  7 quokkas
  9 frilled lizards
  8 kobolds
  7 rats
  A ball lightning (Orc:2)
859 creatures vanquished.

Vanquished Creatures (collateral kills)
  23 ball lightnings
23 creatures vanquished.

Vanquished Creatures (others)
  A bullfrog (D:8)
  An orc wizard (D:8)
  547 ball lightnings
  147 foxfires
696 creatures vanquished.

Grand Total: 1578 creatures vanquished

Notes
Turn   | Place    | Note
-------+----------+-------------------------------------------
     0 | D:1      | Ge0ff the Vampire Cinder Acolyte began the quest for the
                  | Orb.
     0 | D:1      | Reached XP level 1. HP: 17/17 MP: 2/2
    63 | D:1      | Reached skill level 1 in Stealth
   133 | D:1      | Reached XP level 2. HP: 21/23 MP: 3/3
   178 | D:1      | Learned a level 2 spell: Scorch
   896 | D:1      | Gained mutation: You are afflicted with vampirism and can
                  | become a bat while bloodless. [Vampire growth]
   896 | D:1      | Reached XP level 3. HP: 28/28 MP: 5/5
  1787 | D:2      | Reached XP level 4. HP: 35/35 MP: 6/6
  2161 | D:2      | Found a runed translucent door.
  2162 | D:2      | Noticed Crazy Yiuf
  2170 | D:2      | Killed Crazy Yiuf
  2381 | D:3      | Reached XP level 5. HP: 39/41 MP: 3/8
  3542 | D:4      | Learned a level 5 spell: Irradiate
  3822 | D:4      | Reached skill level 1 in Throwing
  3942 | D:4      | Reached skill level 1 in Alchemy
  4037 | D:4      | Found a basalt altar of Yredelemnul.
  4252 | D:4      | Noticed a steam dragon
  4258 | D:4      | Killed a steam dragon
  4259 | D:4      | Reached skill level 1 in Conjurations
  4259 | D:4      | Reached XP level 6. HP: 39/47 MP: 8/10
  5124 | D:4      | Reached XP level 7. HP: 52/52 MP: 12/12
  5864 | D:5      | Entered Level 5 of the Dungeon
  5925 | D:5      | Found a glowing drain.
  5952 | Sewer    | Entered a sewer
  6351 | Sewer    | Identified the ring "Fuqadoer" {Wiz rN+ Will+ rCorr Str-2}
  6574 | D:5      | Noticed Grinder
  6578 | D:5      | Paralysed by Grinder for 2 turns
  6585 | D:5      | Paralysed by Grinder for 5 turns
  6595 | D:5      | Killed Grinder
  7133 | D:5      | Reached XP level 8. HP: 58/58 MP: 13/13
  7220 | D:5      | Found a sacrificial altar of Ru.
  7264 | D:5      | Reached skill level 5 in Alchemy
  7402 | D:5      | Identified the +3 ring mail of Deaplawusk {rElec}
  7923 | D:6      | Found a staircase to the Ecumenical Temple.
  7930 | Temple   | Entered the Ecumenical Temple
  8821 | D:6      | Reached XP level 9. HP: 57/63 MP: 1/16
  9545 | D:7      | Reached skill level 5 in Fire Magic
  9740 | D:7      | Reached skill level 5 in Spellcasting
  9755 | D:7      | HP: 3/63 [gnoll sergeant/+3 spear of flaming (2)]
  9763 | D:7      | HP: 3/63 [gnoll sergeant/+3 spear of flaming (1)]
  9956 | D:7      | Reached skill level 5 in Conjurations
 10953 | D:8      | Reached XP level 10. HP: 50/69 MP: 17/17
 11266 | D:8      | Noticed a two-headed ogre
 11270 | D:8      | Killed a two-headed ogre
 11286 | D:8      | Found a shimmering altar of Xom.
 12028 | D:8      | Found a hazy altar of Hepliaklqana.
 12576 | D:9      | Reached skill level 10 in Alchemy
 12765 | D:8      | Reached skill level 1 in Dodging
 12817 | D:8      | Reached skill level 1 in Armour
 13405 | D:9      | Found Beceqa's Distillery.
 13412 | D:9      | Bought 2 potions of degeneration for 28 gold pieces
 13412 | D:9      | Bought a potion of heal wounds for 70 gold pieces
 13413 | D:9      | Bought a potion of might for 56 gold pieces
 13417 | D:9      | Found a stormy altar of Qazlal.
 13461 | D:9      | Reached XP level 11. HP: 76/76 MP: 18/19
 13596 | D:9      | Noticed a two-headed ogre
 13599 | D:9      | Killed a two-headed ogre
 13817 | D:10     | Entered Level 10 of the Dungeon
 13863 | D:10     | Found Nuqijifa's Armour Shop.
 13872 | D:10     | Noticed a two-headed ogre
 13876 | D:10     | Killed a two-headed ogre
 13877 | D:10     | Reached skill level 1 in Shields
 13950 | D:10     | Found a staircase to the Lair.
 14104 | D:10     | Noticed a two-headed ogre
 14109 | D:10     | Killed a two-headed ogre
 14407 | D:10     | Reached skill level 5 in Stealth
 14483 | D:10     | Reached skill level 5 in Fighting
 15003 | D:11     | Noticed a cyan ugly thing
 15009 | D:11     | Killed a cyan ugly thing
 15236 | D:11     | Found a staircase to the Orcish Mines.
 15772 | D:11     | Learned a level 6 spell: Conjure Ball Lightning
 15801 | Lair:1   | Entered Level 1 of the Lair of Beasts
 15878 | Lair:1   | Reached skill level 1 in Air Magic
 16079 | Lair:1   | Reached skill level 2 in Air Magic
 16194 | Lair:1   | Identified the scarf of Disaster {+Inv, Harm Rampage
                  | Stlth+}
 16505 | Lair:1   | Noticed Joseph
 16514 | Lair:1   | Killed Joseph
 16515 | Lair:1   | Reached skill level 3 in Air Magic
 16597 | Lair:1   | Reached XP level 12. HP: 72/86 MP: 23/23
 16746 | Lair:1   | Reached skill level 4 in Air Magic
 18512 | Lair:2   | Noticed Urug
 18520 | Lair:2   | Killed Urug
 18807 | Lair:2   | Reached skill level 5 in Air Magic
 19054 | Lair:2   | Noticed Harold
 19063 | Lair:2   | Killed Harold
 19150 | Lair:1   | Reached skill level 6 in Air Magic
 19446 | Lair:2   | Reached skill level 5 in Shields
 19446 | Lair:2   | Reached skill level 7 in Air Magic
 19677 | Lair:2   | Noticed a death yak
 19677 | Lair:2   | Noticed a death yak
 19678 | Lair:2   | Noticed a death yak
 19709 | Lair:2   | Killed a death yak
 19827 | Lair:2   | Killed a death yak
 19832 | Lair:2   | Killed a death yak
 19833 | Lair:2   | Reached skill level 8 in Air Magic
 20206 | Lair:3   | Noticed a seven-headed hydra
 20211 | Lair:3   | Killed a seven-headed hydra
 20295 | Lair:3   | Found a runed translucent door.
 20297 | Lair:3   | Noticed an eight-headed hydra
 20306 | Lair:3   | Killed an eight-headed hydra
 20307 | Lair:3   | Reached skill level 9 in Air Magic
 20375 | Lair:3   | Noticed Ydoylom's ghost (journeyman GnRe)
 20569 | Lair:3   | Reached XP level 13. HP: 59/91 MP: 18/26
 21109 | Lair:3   | Found a staircase to the Snake Pit.
 21437 | Lair:3   | Reached skill level 10 in Air Magic
 21854 | Lair:3   | Found a staircase to the Swamp.
 22239 | Lair:3   | Killed Ydoylom's ghost
 22688 | Lair:4   | Reached skill level 11 in Air Magic
 23381 | Temple   | Fell from the grace of Ignis
 23381 | Temple   | Became a worshipper of Vehumet
 24932 | Lair:4   | Found a viscous altar of Jiyva.
 24932 | Lair:4   | Found a staircase to the Slime Pits.
 25077 | Lair:5   | Entered Level 5 of the Lair of Beasts
 25429 | Lair:5   | Reached skill level 12 in Air Magic
 26081 | Lair:5   | Reached * piety under Vehumet
 26081 | Lair:5   | Offered knowledge of Foxfire by Vehumet.
 27181 | Lair:5   | Found a burning altar of Makhleb.
 27232 | Lair:5   | Reached skill level 13 in Air Magic
 27232 | Lair:5   | Reached XP level 14. HP: 98/98 MP: 18/27
 27487 | Lair:5   | Learned a level 6 spell: Plasma Beam
 28181 | Lair:5   | Reached skill level 1 in Translocations
 28518 | Lair:5   | Offered knowledge of Magic Dart by Vehumet.
 28521 | Lair:5   | Was forgiven by Ignis
 28916 | Lair:5   | Reached ** piety under Vehumet
 29766 | Orc:1    | Entered Level 1 of the Orcish Mines
 30355 | Orc:1    | Learned a level 2 spell: Sublimation of Blood
 30361 | Orc:1    | Offered knowledge of Mephitic Cloud by Vehumet.
 30747 | Orc:1    | Reached *** piety under Vehumet
 31300 | Orc:2    | Entered Level 2 of the Orcish Mines
 31317 | Orc:2    | Reached skill level 1 in Necromancy
 31444 | Orc:2    | Found a staircase to the Elven Halls.
 31452 | Orc:2    | Offered knowledge of Dazzling Flash by Vehumet.
 31671 | Orc:2    | Noticed an orc warlord
 31671 | Orc:2    | Noticed an orc warlord
 31677 | Orc:1    | Killed an orc warlord
 31677 | Orc:1    | Reached **** piety under Vehumet
 31974 | Orc:2    | Offered knowledge of Volatile Blastmotes by Vehumet.
 32232 | Orc:2    | Reached skill level 14 in Air Magic
 32510 | Orc:2    | Reached ***** piety under Vehumet
 32510 | Orc:2    | Offered knowledge of Arcjolt by Vehumet.
 32519 | Orc:1    | Killed an orc warlord
 33220 | Orc:2    | Found Ynolegh's Distillery.
 33226 | Orc:2    | Bought a potion of attraction for 39 gold pieces
 33227 | Orc:2    | Bought a potion of brilliance for 52 gold pieces
 33227 | Orc:2    | Bought a potion of cancellation for 104 gold pieces
 33227 | Orc:2    | Bought a potion of enlightenment for 65 gold pieces
 33227 | Orc:2    | Bought a potion of mutation for 104 gold pieces
 33227 | Orc:2    | Bought 2 potions of magic for 208 gold pieces
 33563 | Orc:2    | Found Ziwiytoa's Distillery.
 33565 | Orc:2    | Found Piclagut's Antique Weapon Shoppe.
 33581 | Orc:2    | Bought a potion of haste for 160 gold pieces
 33581 | Orc:2    | Bought 2 potions of heal wounds for 160 gold pieces
 34890 | D:13     | Reached XP level 15. HP: 92/106 MP: 28/28
 35078 | D:13     | Identified the +5 battleaxe "Oxuux" {freeze, rElec rCorr}
 35138 | D:13     | Found a transporter.
 35147 | D:13     | Noticed Gargoyl's ghost (journeyman GrBe)
 35157 | D:13     | Reached skill level 10 in Spellcasting
 35160 | D:13     | Killed Gargoyl's ghost
 35160 | D:13     | Noticed Sonja
 35643 | D:13     | Killed Sonja
 35825 | D:13     | Found a transporter.
 36494 | D:14     | Offered knowledge of Lee's Rapid Deconstruction by Vehumet.
 36507 | D:14     | Learned a level 5 spell: Lee's Rapid Deconstruction
 36994 | D:14     | Found a gate to the Vaults.
 37484 | D:15     | Entered Level 15 of the Dungeon
 38428 | D:15     | Noticed Roxanne
 38515 | D:15     | Reached skill level 5 in Necromancy
 38743 | D:15     | Found a staircase to the Depths.
 39633 | D:15     | Killed Roxanne
 39921 | D:10     | Bought a +1 kite shield of poison resistance for 148 gold
                  | pieces
 40035 | Snake:1  | Entered Level 1 of the Snake Pit
 40101 | Snake:1  | Reached skill level 1 in Earth Magic
 42464 | Snake:2  | Reached XP level 16. HP: 116/116 MP: 23/30
 43055 | Snake:2  | Offered knowledge of Fireball by Vehumet.
 43069 | Snake:2  | Learned a level 5 spell: Fireball
 43414 | Snake:2  | Found a shimmering altar of Xom.
 43426 | Snake:2  | Noticed Vashnia
 43441 | Snake:2  | Shot with a bolt by Vashnia

Illustrated notes

Levels and vault maps discovered:
D:1:      dpeg_arrival_court, layout_loops_ring, minmay_unequal
D:2:      layout_basic, minmay_heptomino_w4, uniq_crazy_yiuf_cottage
D:3:      layout_basic
D:4:      layout_gridville, lemuel_tele_altar, lemuel_zombie_altar_yredelemnul,
          hangedman_feature_mirror, nicolae_wormholes
D:5:      layout_loops_corners, nicolae_ru_path_of_blood,
          mainiacjoe_sewer_entry_somewhere_in_here_1, uniq_grinder
D:6:      layout_basic, minmay_temple_entry_arrows
D:7:      layout_basic
D:8:      layout_basic, xom_confusion_cloud, nzn_hepliaklqana_mist_gate,
          nicolae_wwwww, hangedman_minor_gate_pass
D:9:      layout_basic, gammafunk_temple_overflow_elements, serial_shops, shop
D:10:     layout_rooms, lair_entry_dummy, serial_shops, nicolae_shop_waterfront
D:11:     layout_cave_pools, david_orc_3
D:12:     layout_long_grid
D:13:     layout_roguey, gammafunk_ghost_stat_death, uniq_sonja
D:14:     layout_long_grid, david_vaults_4, elyvilon_altar_4
D:15:     grunt_enter_depths_hoard, layout_loops_ring, nicolae_twisting_strands,
          uniq_roxanne
Temple:   nicolae_temple_no_exploring_needed
Lair:1:   layout_regular_city, uniq_joseph
Lair:2:   layout_cave_shapes, lemuel_fruit_fields, uniq_harold, uniq_urug
Lair:3:   cheibrodos_magma_flow, layout_chaotic_city, minmay_swamp_entry_worms,
          minmay_snake_entry_guardpost_small, serial_forest,
          infiniplex_forest_end_double, infiniplex_forest_clump_diagonal,
          infiniplex_forest_clump_medium, infiniplex_forest_straight_2,
          infiniplex_forest_lined_room_, infiniplex_forest_zigzag_2,
          infiniplex_forest_straight_3, infiniplex_forest_clump_cross,
          ebering_ghost_reflecting_pool
Lair:4:   layout_concentric_octagons, nicolae_slime_entry_slimehenge,
          grunt_megastairs_5
Lair:5:   wormcave, layout_cave_pods, guppyfry_lair_end_dragon, basic_altar
Snake:1:  layout_layer_cave, chequers_hall_statues_wall_a
Snake:2:  layout_onion, basic_altar, nicolae_integral_box, uniq_vashnia
Orc:1:    cheibrodos_orc_bank, layout_diamond_mine, basic_altar, mines2_lemuel
Orc:2:    st_orc_town, layout_caves

Skill      XL: |  1  2  3  4  5  6  7  8  9 10 11 12 13 14 15 16 |
---------------+-------------------------------------------------+-----
Stealth        | 2 5 |  5.0
Fighting       | 3 5 6 7 8 |  8.0
Short Blades   | 4 |  4.0
Spellcasting   | 2 3 4 5 7 9 10 | 10.9
Fire Magic     | 3 4 5 7 9 |  9.5
Throwing       | 1 |  1.0
Alchemy        | 2 4 6 8 10 | 10.0
Conjurations   | 1 3 4 6 7 9 |  9.8
Dodging        | 2 3 |  3.0
Armour         | 1 |  1.0
Shields        | 4 5 6 |  6.0
Air Magic      | 3 9 13 14 | 14.8
Translocations | 1 |  1.1
Necromancy     | 3 6 |  6.4
Earth Magic    | 2 3 |  3.2

Action                     |  1- 3 |  4- 6 |  7- 9 | 10-12 | 13-15 | 16-18 || total
---------------------------+-------+-------+-------+-------+-------+-------++-------
  Melee: Short sword       |    21 |       |       |       |       |       ||    21
         Bite              |     6 |     1 |       |     2 |     3 |       ||    12
         Dagger            |    36 |    20 |     9 |    23 |       |       ||    88
         Staff             |       |       |       |     2 |    39 |       ||    41
  Throw: Dart              |       |       |       |     1 |       |       ||     1
   Cast: Scorch            |    38 |    96 |   212 |   138 |    19 |       ||   503
         Irradiate         |       |       |     8 |   107 |    58 |     1 ||   174
         Conjure Ball Ligh |       |       |       |     6 |   215 |    17 ||   238
         Plasma Beam       |       |       |       |       |   185 |    10 ||   195
         Sublimation of Bl |       |       |       |       |    29 |       ||    29
         Lee's Rapid Decon |       |       |       |       |    33 |       ||    33
 Invoke: Fiery Armour      |     1 |       |       |       |       |       ||     1
         Foxfire Swarm     |       |       |     3 |     4 |     1 |       ||     8
  Evoke: Wand              |       |       |       |       |     4 |       ||     4
    Use: Scroll            |       |     3 |     3 |    11 |    10 |     1 ||    28
         Potion            |       |       |     4 |     1 |     2 |     1 ||     8
   Stab: Sleeping          |     3 |     2 |       |     5 |       |       ||    10
 Armour: Robe              |    28 |    29 |    27 |       |       |       ||    84
         Steam dragon scal |       |       |    67 |   168 |   458 |    22 ||   715
  Dodge: Dodged            |    30 |    36 |    86 |   118 |    80 |     2 ||   352
  Block: Other             |       |       |     6 |    25 |       |       ||    31
         Reflection        |       |       |       |     4 |    13 |     4 ||    21
         Buckler           |       |       |       |    61 |    67 |       ||   128
         Kite shield       |       |       |       |       |    10 |     6 ||    16

Table legend: (Time is in decaauts)
 A = Elapsed time spent in this place.
 B = Non-inter-level travel time spent in this place.
 C = Inter-level travel time spent in this place.
 D = Time resting spent in this place.
 E = Time spent auto-exploring this place.
 F = Levels seen in this place.
 G = Mean time per level.
                   A        B        C        D        E       F      G
               +--------+--------+--------+--------+--------+-----+--------+
         Total |  43622 |  41517 |   2105 |   7060 |  28995 |  26 | 1677.8 |
       Dungeon |  21495 |  20198 |   1297 |   2380 |  15396 |  15 | 1433.0 |
        Temple |     21 |      3 |     18 |      0 |      0 |   1 |   21.0 |
          Lair |  13971 |  13375 |    596 |   3554 |   7976 |   5 | 2794.2 |
     Snake Pit |   3262 |   3229 |     33 |    544 |   2243 |   2 | 1631.0 |
  Orcish Mines |   4176 |   4017 |    159 |    582 |   2816 |   2 | 2088.0 |
         Sewer |    695 |    695 |      0 |      0 |    563 |   1 |  695.0 |
               +--------+--------+--------+--------+--------+-----+--------+

Top non-repeatable levels by time:
  Lair:5: 3601 daAuts
  Lair:1: 3067 daAuts
  Lair:4: 2981 daAuts
   Orc:1: 2852 daAuts
    D:15: 2371 daAuts
     D:4: 2315 daAuts
  Lair:3: 2169 daAuts
  Lair:2: 2151 daAuts
     D:8: 2027 daAuts
 Snake:1: 2024 daAuts
     D:7: 1787 daAuts
     D:5: 1457 daAuts
     D:6: 1394 daAuts
     D:1: 1387 daAuts
   Orc:2: 1323 daAuts
